 Dungeon Crawl Stone Soup version 0.25.0-26-g0c896c7088 (console) character file.

Game seed: 4420812740897510615

60 Colgate the Firebug (level 3, -10/26 HPs)
             Began as a Demigod Fire Elementalist on July 4, 2020.
             Mangled by a worm (12 damage)
             ... on level 2 of the Dungeon.
             The game lasted 00:25:39 (1717 turns).

Colgate the Firebug (Demigod Fire Elementalist)     Turns: 1717, Time: 00:25:39

Health: -10/26     AC:  2    Str: 11    XL:     3   Next: 57%
Magic:  9/9        EV: 16    Int: 21    God:
Gold:   56         SH:  0    Dex: 16    Spells: 5/6 levels left

rFire    . . .     SeeInvis .   f - +0 long sword
rCold    . . .     Gourm    .   (no shield)
rNeg     . . .     Faith    .   a - +0 robe
rPois    .         Spirit   .   (no helmet)
rElec    .         Reflect  .   (no cloak)
rCorr    .         Harm     .   (no gloves)
MR       .....                  (no boots)
Stlth    ++........             (no amulet)
HPRegen  0.08/turn              n - +4 ring of evasion
MPRegen  0.11/turn              (no ring)

@: no status effects
A: high mp 1
a: no special abilities


You were on level 2 of the Dungeon.
You were near starving.

You visited 1 branch of the dungeon, and saw 2 of its levels.

You collected 56 gold pieces.

Inventory:

Hand Weapons
 f - a +0 long sword (weapon)
Missiles
 b - 26 bolts
 h - 60 stones (quivered)
Armour
 a - a +0 robe (worn)
 i - a +0 chain mail
 j - a +0 ring mail
 k - a +0 leather armour
 p - a +0 robe
Jewellery
 n - a +4 ring of evasion (left hand)
Scrolls
 d - 2 scrolls of teleportation {unknown}
 m - a scroll of random uselessness {unknown}
 o - a scroll of identify {unknown}
Potions
 e - a potion of curing {unknown}
 l - 2 potions of haste {unknown}
Comestibles
 c - a ration


   Skills:
 + Level 0.2 Long Blades
 + Level 1.9 Dodging
 + Level 1.9 Stealth
 + Level 2.3 Spellcasting
 + Level 1.7 Conjurations
 + Level 3.4 Fire Magic


You had 5 spell levels left.
You knew the following spells:

 Your Spells              Type           Power        Failure   Level  Hunger
a - Foxfire               Conj/Fire      ##..         4%          1    #......

Your spell library contained the following spells:

 Spells                   Type           Power        Failure   Level  Hunger
 Conjure Flame            Conj/Fire      ##......     16%         3    ###....
 Inner Flame              Hex/Fire       #.......     22%         3    ###....
 Sticky Flame             Conj/Fire      ##......     45%         4    #####..
 Fireball                 Conj/Fire      ##........   80%         5    ######.


Dungeon Overview and Level Annotations

Branches:
Dungeon (2/15)


Innate Abilities, Weirdness & Mutations

You have an increased reservoir of magic. (+10% MP)


Message History

The rat misses you. The rat barely misses you. The rat completely misses you.
The rat closely misses you.
You riposte.
You hit the rat but do no damage.
The rat is moderately wounded.
The rat closely misses you. The rat closely misses you.
You riposte.
You hit the rat.
You kill the rat!
A worm comes into view.
The worm is too close now for your liking.
The worm is too close now for your liking.
The worm bites you. The worm bites you. The worm bites you.
The worm barely misses you.
You riposte.
You hit the worm.
The worm is moderately wounded.
The worm bites you!
* * * LOW HITPOINT WARNING * * *
The worm bites you!
You die...

###
###############.##
#..............#.#
#.###.###.#####.## #.
#.# #.# #.### #. #.#
#.# ###.... #.###.#
#.# #...... #.....#
#.# #.##### #w@####
#.# #.#
........######.###.#
..####.............##
#.........#....#
#........##...#.#
##.#### #.#..#.## #.#
#.##.## #.#
####.########
#..>.........
#.##.########
.###.##.###


You could see a worm.

Vanquished Creatures
  2 adders (D:2)
  2 worms (D:2)
  A dart slug (D:1)
  A ball python (D:1)
  2 bats
  2 giant cockroaches
  4 goblins (D:1)
  6 hobgoblins
  3 frilled lizards
  4 kobolds (D:1)
  7 rats
34 creatures vanquished.

Vanquished Creatures (collateral kills)
  A giant cockroach (D:1)
  A kobold (D:1)
  A rat (D:1)
3 creatures vanquished.

Vanquished Creatures (others)
  A kobold (D:2)
  94 foxfires
95 creatures vanquished.

Grand Total: 132 creatures vanquished

Notes
Turn   | Place    | Note
-------+----------+-------------------------------------------
     0 | D:1      | Colgate the Demigod Fire Elementalist began the quest for
                  | the Orb.
     0 | D:1      | Reached XP level 1. HP: 14/14 MP: 5/5
    58 | D:1      | Reached skill level 1 in Conjurations
    90 | D:1      | Reached skill level 3 in Fire Magic
   118 | D:1      | Reached XP level 2. HP: 18/20 MP: 0/7
   833 | D:2      | Reached XP level 3. HP: 26/26 MP: 2/8
  1325 | D:2      | Found a white marble altar of Elyvilon.
  1717 | D:2      | Mangled by a worm

Illustrated notes

Levels and vault maps discovered:
D:1:      scummos_arrival_hexagon, layout_rooms
D:2:      layout_loops_ring, elyvilon_altar_4, lemuel_coloured_pillars_altar,
          first_ration

Skill      XL: |  1  2 |
---------------+-------+-----
Conjurations   | 1 |  1.7
Fire Magic     | 3 |  3.4
Spellcasting   | 2 |  2.3
Long Blades    | |  0.2
Dodging        | |  1.9
Stealth        | |  1.9

Action                   || total
-------------------------++-------
Melee: Whip              ||     2
       Long sword        ||    18
 Cast: Foxfire           ||    64
  Eat: Chunk             ||     1
Armor: Robe              ||     9
Dodge: Dodged            ||    74
       Rpst.: Long sword ||    18
